 Dungeon Crawl Stone Soup version 0.25-a0-591-g2ad0d861f1 (webtiles) character file.

Game seed: 17064701259270452131, levelgen mode: deterministic

5857935 ipx the Slayer (level 27, 147/147 HPs)
             Began as a Gargoyle Gladiator on Mar 13, 2020.
             Was a High Priest of Trog.
             Escaped with the Orb
             ... and 5 runes!
             The game lasted 06:56:12 (31591 turns).

ipx the Slayer (Gargoyle Gladiator)                Turns: 31591, Time: 06:56:13

Health: 147/147    AC: 62    Str: 28      XL:     27
Magic:  26/26      EV: 23    Int:  9      God:    Trog [*****.]
Gold:   1854       SH: 25    Dex: 11 (12) Spells: 26/26 levels left

rFire    + . .     SeeInvis .   a - +9 demon whip (flame)
rCold    + + .     Gourm    .   J - +0 tower shield
rNeg     + + .     Faith    .   F - +8 plate armour {rC+}
rPois    ∞         Spirit   .   (helmet restricted)
rElec    +         Reflect  .   n - +2 ratskin cloak {+Rats rPois rN+ Str-1 Int-1 Dex+1}
rCorr    .         Harm     .   i - +0 pair of fencer's gloves {Riposte Dex+3}
MR       +++..     Rnd*Tele +   y - +2 pair of boots
Stlth    ..........             T - amulet "Unloe" {RegenMP *Drain rF+ rC+ MR+}
HPRegen  0.34/turn              S - ring of the Wary Dances {rElec Str+3 Dex-5 Slay+5 Stlth+}
MPRegen  0.45/turn              s - +6 ring of evasion

@: flying
A: big wings, hooves 1, horns 1, repulsion field 1, molten scales 1, yellow
scales 1, deterioration 2, dopey 1, frail 2, negative energy resistance 1,
electricity resistance, teleportitis 1, unbreathing, petrification resistance,
rot immunity, AC +20
0: Orb of Zot
}: 5/15 runes: barnacled, slimy, silver, abyssal, gossamer
a: Stop Flying, Berserk, Trog's Hand, Brothers in Arms, Renounce Religion, Evoke
Ratskin


You escaped.
You worshipped Trog.
Trog was extremely pleased with you.
You were very full.

You visited 10 branches of the dungeon, and saw 54 of its levels.
You visited the Abyss 1 time.
You visited 1 bazaar.

You collected 5400 gold pieces.
You spent 3546 gold pieces at shops.

Inventory:

Hand Weapons
 a - a +9 demon whip of flaming (weapon)
 b - a +1 eveningstar of flaming
Missiles
 A - 31 javelins
 H - 57 boomerangs
 M - 17 silver javelins (quivered)
 P - 15 curare-tipped darts
 X - a throwing net
Armour
 c - the +0 helmet of the Last Songs {Dex+4}
   (You found it on level 3 of the Elven Halls)

   It affects your dexterity (+4).
 i - the +0 pair of fencer's gloves (worn) {Riposte Dex+3}
   (You found it on level 5 of the Pits of Slime)

   It affects your dexterity (+3).
 n - the +2 ratskin cloak (worn) {+Rats rPois rN+ Str-1 Int-1 Dex+1}
   (You found it on level 3 of the Elven Halls)

   It affects your strength (-1).
   It affects your intelligence (-1).
   It affects your dexterity (+1).
   It protects you from poison.
   It protects you from negative energy.
 y - a +2 pair of boots (worn)
 F - a +8 plate armour of cold resistance (worn)
 J - a +0 tower shield (worn)
 W - a +0 helmet of see invisible
Jewellery
 e - an uncursed ring of positive energy
 f - an uncursed ring of protection from fire
 k - an uncursed ring of protection from fire
 l - the ring of Lagic {rN+ EV+2 Slay-5 SInv}
   (You took it off a deep elf master archer on level 3 of the Elven Halls)

   [ring of evasion]

   It affects your evasion (+2).
   It affects your accuracy and damage with ranged weapons and melee attacks
   (-5).
   It protects you from negative energy.
   It lets you see invisible.
 m - an uncursed ring of protection from magic
 s - a +6 ring of evasion (right hand)
 z - an uncursed ring of resist corrosion
 K - an uncursed ring of protection from fire
 R - an uncursed amulet of regeneration
 S - the ring of the Wary Dances (left hand) {rElec Str+3 Dex-5 Slay+5 Stlth+}
   (You found it on level 13 of the Dungeon)

   [ring of strength]

   It affects your strength (+3).
   It affects your dexterity (-5).
   It affects your accuracy and damage with ranged weapons and melee attacks
   (+5).
   It insulates you from electricity.
   It makes you more stealthy.
 T - the amulet "Unloe" (around neck) {RegenMP *Drain rF+ rC+ MR+}
   (You found it on level 3 of the Elven Halls)

   [amulet of magic regeneration]

   It increases your magic regeneration.
   It protects you from fire.
   It protects you from cold.
   It affects your resistance to hostile enchantments.
   It causes draining when unequipped.
Wands
 E - a wand of paralysis (9)
 L - a wand of enslavement (20)
Scrolls
 o - 11 scrolls of teleportation
 q - a scroll of silence
 r - 25 scrolls of remove curse
 w - 12 scrolls of identify
 x - 2 scrolls of blinking
 B - 3 scrolls of fog
 G - a scroll of vulnerability
 I - 3 scrolls of summoning
 N - 5 scrolls of fear
 O - 4 scrolls of holy word
 Y - 4 scrolls of immolation
Potions
 p - a potion of heal wounds
 D - 7 potions of lignification
 Q - 16 potions of curing
 V - 8 potions of ambrosia
Miscellaneous
 t - a lamp of fire
 u - 3 sacks of spiders
Comestibles
 C - 41 rations


   Skills:
 + Level 22.2 Fighting
 - Level 13.8(16.0) Maces & Flails
   Level 14.0(16.1) Staves
 * Level 17.1 Throwing
 + Level 22.2 Armour
 + Level 17.0 Dodging
 + Level 21.8 Shields
 - Level 5.0 Evocations


You had 26 spell levels left.
You didn't know any spells.
Your spell library was empty.

Dungeon Overview and Level Annotations

Branches:
Dungeon (15/15)            Temple (0/1) D:5            Lair (6/6) D:10
 Shoals (4/4) Lair:3       Spider (4/4) Lair:4        Slime (5/5) Lair:5
    Orc (2/2) D:9             Elf (3/3) Orc:2        Vaults (5/5) D:13
  Crypt (0/3) Vaults:2     Depths (5/5) D:15            Zot (5/5) Depths:5

Altars:
Cheibriados
Dithmenos
Hepliaklqana
Qazlal
Ru
Trog
Vehumet
Xom
Yredelemnul
Zin
Jiyva

Shops:
D:4 **   Orc:2 !:!(

Portals:
Hell: Depths:1 Depths:4
Abyss: Depths:4
Pandemonium: Depths:4
Ziggurat: Depths:4

Annotations:
D:3 Natasha
D:7 Harold
D:12 Fannar
Lair:3 1 runed translucent door, Tenar's ghost, journeyman DEEE
Vaults:1 exclusion: downstairs
Depths:1 Bai Suzhen
Zot:3 3 runed translucent doors, exclusion: 3 lightning spires


Innate Abilities, Weirdness & Mutations

You are resistant to torment.
Your stone body is resilient. (AC +20)
You are immune to poison.
Your large and strong wings let you fly indefinitely.
You resist negative energy. (rN+)
You are resistant to electric shocks. (rElec)
You can survive without breathing.
You are immune to petrification.
You are immune to rotting.
You have large cloven feet.
You have a pair of small horns on your head.
You are surrounded by a mild repulsion field. (EV +2)
You are partially covered in molten scales. (AC +2)
You are partially covered in yellow scales. (AC +2)
Your body often deteriorates upon taking damage.
You are dopey. (Int -2)
You are very frail. (-20% HP)
You are occasionally teleported next to monsters.


Message History

You whack the smoke demon! You burn the smoke demon.
You headbutt the smoke demon!
The smoke demon is almost dead.
The smoke demon gestures at you. The ball of steam misses you.
You thrash the smoke demon!!
You kill the smoke demon!
Trog accepts your kill.
(D) Dungeon (T) Temple (L) Lair (A) Shoals (N) Spider Nest (M) Slime Pits (O) Orcish Mines (E) Elven Halls (V) Vaults (C) Crypt (U) Depths (H) Hell (Z) Zot
Where to? (Enter - D:2 @ (x,y), ? - help)
There is a stone staircase leading up here.
You fly upwards.
There is a stone staircase leading down here.
You see here a club.
There is a large open door here.
There is a staircase leading out of the dungeon here.
You have escaped!

......... #..#..# ######.#
#..#..########## #.#
...#.8.≈≈≈≈≈≈≈≈## #.# #.#
#.≈≈≈.....≈≈# #.# #.#
#.≈≈..≈≈≈..≈#########.#
#.###.≈..≈≈≈≈≈..#.......#.#
###.#.'.≈.≈≈...≈≈.#.......#.#
#..>.)'.≈..≈@≈..≈.'.......#.#
#.###.#.≈≈...≈≈.≈.'.........#
# #.#..≈≈≈≈≈..≈.#.........#
#.#≈..≈≈≈..≈≈.#.........#
#.#≈≈.....≈≈≈.#####.....#
#.##≈≈≈≈≈≈≈≈.8.#........#
#..##########............
##... ....##....##... ####
### ##....##...


There were no monsters in sight!

Vanquished Creatures
  the Royal Jelly (Slime:5)
  A pandemonium lord (D:8)
  7 orbs of fire
  Mara (Vaults:2)
  4 ancient liches
  3 juggernauts (Depths:2)
  5 Killer Klowns
  A curse toe (Zot:5)
  3 caustic shrikes
  13 golden dragons
  Nikola (Shoals:4)
  2 bone dragons
  Arachne (Spider:4)
  3 electric golems
  17 tentacled monstrosities
  Jorgrun (D:15)
  3 liches
  25 Orb Guardians
  5 quicksilver dragons
  2 deep elf blademasters (Elf:3)
  2 deep elf master archers (Elf:3)
  3 tentacled starspawn
  2 titans (Vaults:5)
  2 sphinxes
  25 acid blobs
  6 death cobs
  A kraken (Abyss:4)
  Polyphemus (Shoals:4)
  6 shadow dragons
  8 draconian monks
  Gastronok (Lair:2)
  6 storm dragons
  5 tengu reavers
  A daeva (Abyss:1)
  4 frost giants
  7 azure jellies
  7 fire giants
  5 draconian knights
  5 deep elf sorcerers
  5 draconian shifters
  Aizul (Elf:3)
  An iron dragon (Vaults:5)
  18 vault wardens
  5 draconian scorchers
  A cacodemon (D:15)
  3 emperor scorpions (Spider:4)
  10 ghost moths
  2 draconian stormcallers
  14 ironheart preservers
  2 deep elf elementalists (Elf:3)
  2 draconian annihilators
  6 very ugly things
  2 war gargoyles
  An entropy weaver (shapeshifter) (Vaults:5)
  13 green draconians
  A vampire knight (Depths:2)
  14 stone giants
  3 entropy weavers
  8 deep elf demonologists
  8 red draconians
  5 yellow draconians
  10 white draconians
  A lorocyproca (Abyss:1)
  9 black draconians
  8 spark wasps
  4 purple draconians
  6 deep elf annihilators
  9 deep elf death magi
  A blizzard demon (Depths:4)
  9 ettins
  9 death oozes
  3 deep elf high priests
  4 merfolk impalers
  4 merfolk javelineers
  7 fire dragons
  Josephine (D:11)
  6 great orbs of eyes
  9 ice dragons
  14 yaktaur captains
  30 vault guards
  2 rakshasas
  8 death knights
  A merfolk avatar (Shoals:2)
  5 hydras
  10 centaur warriors
  3 spriggan air magi
  A hell beast (Zot:3)
  A shambling mangrove (Abyss:4)
  34 two-headed ogres
  2 catoblepae
  15 ogre magi
  6 dancing weapons
  7 merfolk aquamancers
  6 death yaks
  2 satyrs (Shoals:4)
  An alligator snapping turtle (Shoals:4)
  5 tengu warriors
  8 deep troll earth magi
  8 thrashing horrors
  A queen ant (D:9)
  6 deep troll shamans
  A shock serpent (Zot:4)
  4 orc high priests
  11 hell knights
  Sonja (Lair:3)
  3 spriggan berserkers
  12 deep elf knights
  10 small abominations
  A soul eater (Depths:4)
  A sixfirhy (Zot:4)
  A fire crab (Abyss:4)
  6 skeletal warriors
  2 shadow wraiths
  A fire crab (shapeshifter) (Depths:2)
  3 wretched stars
  3 iron trolls
  A spatial maelstrom (Abyss:4)
  6 sea snakes
  2 flayed ghosts
  2 unseen horrors (shapeshifter)
  3 unseen horrors
  24 deep trolls
  An obsidian statue (Zot:5)
  A deep troll (shapeshifter) (D:14)
  12 deep elf archers
  A torturous demonspawn (Depths:4)
  14 ironbrand convokers
  7 glowing orange brains
  8 harpies
  9 phantasmal warriors
  9 orc knights
  5 orc sorcerers
  16 orb spiders
  5 necromancers
  27 wolf spiders
  8 fauns
  A manticore (shapeshifter) (Vaults:1)
  7 manticores
  13 ugly things
  6 shining eyes
  A worldbinder (Abyss:2)
  The ghost of Killmatronix the Slinger, a novice OpHu of Okawaru (D:5)
  15 moths of wrath
  6 cyclopes
  58 deep elf magi
  Maurice (D:12)
  A shining eye (shapeshifter) (Vaults:5)
  An elephant (shapeshifter) (D:15)
  18 elephants
  9 merfolk sirens
  14 vault sentinels
  3 water nymphs
  3 black mambas
  2 apocalypse crabs (Abyss:4)
  A fire giant skeleton (Vaults:3)
  4 smoke demons
  2 eyes of devastation
  3 torpor snails
  2 orange demons
  5 spiny frogs
  A gargoyle (D:13)
  3 centaur skeletons
  An efreet (D:14)
  A hellion (Abyss:1)
  A rime drake (Lair:5)
  5 demonic crawlers
  4 ice devils
  A kobold demonologist (Abyss:4)
  A tormentor (Zot:5)
  12 freezing wraiths
  5 komodo dragons
  2 hellwings
  33 yaktaurs
  2 ancient zymes
  A tengu conjurer (Depths:2)
  A yaktaur skeleton (Vaults:3)
  8 trolls
  3 meliai (D:14)
  A troll (shapeshifter) (D:15)
  19 jumping spiders
  18 merfolk
  5 polar bears
  A merfolk (shapeshifter) (Vaults:1)
  11 large abominations
  2 wind drakes
  Prince Ribbit (Lair:1)
  17 blink frogs
  5 raiju (Abyss:4)
  70 slime creatures
  3 snapping turtles
  12 hornets
  A sphinx simulacrum (Vaults:3)
  14 hippogriffs
  12 dream sheep
  44 redbacks
  A stone giant simulacrum (Vaults:1)
  A flying skull (Abyss:1)
  3 air elementals
  9 spriggans (Lair:6)
  10 wraiths
  22 water elementals
  A vampire (D:14)
  3 ynoxinuls
  A redback (shapeshifter) (D:15)
  2 spriggans (shapeshifter)
  A human (shapeshifter) (Elf:3)
  14 tarantellas
  41 yaks
  5 fire bats
  3 wyverns
  A fire elemental (Elf:3)
  3 hungry ghosts
  A steam dragon (D:14)
  2 basilisks
  A basilisk (shapeshifter) (Depths:3)
  4 chaos spawn
  2 neqoxecs
  A vampire mosquito (D:14)
  5 wargs
  A warg (shapeshifter) (Vaults:5)
  3 acid dragons
  16 soldier ants
  8 water moccasins
  7 porcupines
  A floating eye (Depths:3)
  A floating eye (shapeshifter) (Vaults:5)
  A black bear (Lair:6)
  19 orc warriors
  A sky beast (shapeshifter) (Vaults:2)
  6 sky beasts
  3 ice beasts
  4 phantoms
  26 wolves
  41 ogres
  4 eyes of draining
  2 necrophages
  15 centaurs
  2 eyes of draining (shapeshifter)
  10 boggarts
  10 crocodiles
  A wolf (shapeshifter) (D:14)
  A big kobold (D:13)
  16 bullfrogs
  An earth elemental (Abyss:1)
  A wyvern skeleton (D:14)
  2 scorpions
  8 killer bees
  A troll zombie (D:9)
  An electric eel (Lair:6)
  2 howler monkeys
  6 centaur zombies
  4 crimson imps
  17 starcursed masses
  A quasit (Abyss:1)
  4 hounds
  6 jellies
  12 orc priests
  2 bullfrog skeletons
  An iguana (D:14)
  Terence (D:3)
  Natasha (twice) (D:3)
  21 orc wizards
  2 hell rats (Lair:5)
  29 worker ants
  A killer bee zombie (D:5)
  6 ogre zombies (D:9)
  2 hound skeletons
  3 worker ant zombies
  4 gnolls (D:5)
  2 howler monkey skeletons (D:5)
  4 adders
  10 river rats (Lair:5)
  5 shadow imps
  2 ufetubi
  An adder zombie (D:8)
  2 adder skeletons
  2 worms (D:3)
  A dart slug (D:3)
  A leopard gecko (D:1)
  73 orcs
  3 ball pythons
  A giant cockroach (D:5)
  9 goblins
  4 hobgoblins
  14 jackals
  4 quokkas
  8 bats
  7 frilled lizards
  2 goblin skeletons (D:9)
  5 goblin zombies (D:9)
  A hobgoblin skeleton (D:9)
  A hobgoblin zombie (D:9)
  18 kobolds
  4 orc skeletons (D:9)
  11 orc zombies (D:9)
  5 rats
  4 crawling corpses
  A lurking horror (Abyss:1)
  4 tentacles (Abyss:4)
2001 creatures vanquished.

Vanquished Creatures (collateral kills)
  6 acid blobs (Slime:5)
  An azure jelly (Slime:5)
  A deep elf sorcerer (Vaults:4)
  A draconian knight (Zot:5)
  2 two-headed ogres (Vaults:4)
  A deep elf knight (Vaults:4)
  A glowing orange brain (Slime:5)
  A cyclops (D:14)
  An acid dragon (D:14)
15 creatures vanquished.

Vanquished Creatures (others)
  A tentacled monstrosity (Abyss:4)
  A death cob (Zot:3)
  A draconian monk (Zot:3)
  Roxanne (Shoals:4)
  A draconian scorcher (Zot:3)
  A draconian shifter (Zot:3)
  A deep elf elementalist (Elf:3)
  A green draconian (Zot:3)
  A draconian annihilator (Zot:3)
  A black draconian (Zot:3)
  A white draconian (Zot:3)
  5 red draconians (Zot:3)
  A yellow draconian (Zot:3)
  A yaktaur captain (Vaults:5)
  A deep elf knight (Elf:1)
  A faun (Shoals:4)
  A komodo dragon (D:15)
  A jumping spider (Spider:1)
  2 raiju (Zot:3)
  A redback (Spider:3)
  An orc warrior (D:13)
  A boggart (D:15)
  A small abomination (Abyss:1)
  An orc priest (Orc:2)
  An orc wizard (Orc:2)
  A ball lightning (Zot:3)
  A bush (D:10)
  3 fungi (Lair:5)
  17 plants
  6 starspawn tentacles
  5 tentacles (Abyss:4)
63 creatures vanquished.

Grand Total: 2079 creatures vanquished

Notes
Turn   | Place    | Note
-------+----------+-------------------------------------------
     0 | D:1      | ipx the Gargoyle Gladiator began the quest for the Orb.
     0 | D:1      | Reached XP level 1. HP: 12/12 MP: 1/1
   147 | D:1      | Reached XP level 2. HP: 8/18 MP: 2/2
   539 | D:2      | Found a shadowy altar of Dithmenos.
   552 | D:2      | Reached XP level 3. HP: 22/22 MP: 3/3
   608 | D:2      | Found a sacrificial altar of Ru.
   713 | D:2      | Found a bloodstained altar of Trog.
   721 | D:2      | Became a worshipper of Trog the Wrathful
   811 | D:3      | Noticed Natasha
   814 | D:3      | Noticed a phantom
   825 | D:3      | Killed Natasha
   825 | D:3      | Reached skill level 1 in Armour
   825 | D:3      | Reached XP level 4. HP: 24/27 MP: 4/4
   918 | D:3      | Noticed Terence
   945 | D:3      | Killed Terence
   957 | D:3      | Killed a phantom
   957 | D:3      | Reached XP level 5. HP: 17/32 MP: 5/5
   989 | D:3      | Noticed Natasha
  1007 | D:3      | Killed Natasha
  1040 | D:3      | Reached XP level 6. HP: 23/37 MP: 6/6
  1163 | D:4      | Reached * piety under Trog
  1190 | D:4      | Found Tolen's General Store.
  1203 | D:4      | Reached skill level 5 in Staves
  1228 | D:4      | Found Ogeakluc's Assorted Antiques.
  1229 | D:4      | Bought a scroll of identify for 20 gold pieces
  1241 | D:4      | Bought a scroll labeled WYNOEW WUU for 24 gold pieces
  1241 | D:4      | Bought a fizzy coppery potion for 21 gold pieces
  1364 | D:4      | Found a hazy altar of Hepliaklqana.
  1408 | D:5      | Entered Level 5 of the Dungeon
  1562 | D:5      | Reached XP level 7. HP: 27/42 MP: 7/7
  1765 | D:5      | Found a runed translucent gate.
  1765 | D:5      | Found a runed translucent gate.
  1766 | D:5      | Found a runed translucent gate.
  1767 | D:5      | Noticed Killmatronix's ghost (novice OpHu)
  1788 | D:5      | Killed Killmatronix's ghost
  1788 | D:5      | Reached skill level 5 in Fighting
  1788 | D:5      | Reached skill level 5 in Armour
  1788 | D:5      | Reached XP level 8. HP: 50/50 MP: 8/8
  1798 | D:5      | Reached ** piety under Trog
  1902 | D:4      | Found a radiant altar of Vehumet.
  1973 | D:4      | Bought a potion of might for 40 gold pieces
  1999 | D:5      | Found a stormy altar of Qazlal.
  1999 | D:5      | Found a staircase to the Ecumenical Temple.
  2355 | D:7      | Reached XP level 9. HP: 44/55 MP: 9/9
  2384 | D:7      | Reached *** piety under Trog
  2435 | D:8      | Noticed a two-headed ogre
  2464 | D:8      | Killed a two-headed ogre
  2595 | D:7      | Noticed Harold
  2675 | D:8      | Found a shadowy altar of Dithmenos.
  2741 | D:9      | Found a runed translucent door.
  2767 | D:9      | Reached XP level 10. HP: 50/60 MP: 10/10
  2820 | D:9      | Reached skill level 5 in Dodging
  3019 | D:9      | Noticed a two-headed ogre
  3021 | D:9      | Noticed a queen ant
  3305 | D:8      | Reached **** piety under Trog
  3440 | D:9      | Reached skill level 10 in Armour
  3455 | D:9      | Reached skill level 10 in Staves
  3457 | D:9      | Found a staircase to the Orcish Mines.
  3486 | D:9      | Killed a two-headed ogre
  3486 | D:9      | Reached XP level 11. HP: 65/67 MP: 11/11
  3584 | D:9      | Reached ***** piety under Trog
  3584 | D:9      | Received a gift from Trog
  3702 | D:9      | Found a basalt altar of Yredelemnul.
  3703 | D:9      | Found a glowing silver altar of Zin.
  3758 | D:9      | Killed a queen ant
  3817 | D:10     | Entered Level 10 of the Dungeon
  4057 | D:11     | Noticed Josephine
  4071 | D:11     | Killed Josephine
  4113 | D:11     | Got a steaming platinum ring
  4115 | D:11     | Identified the ring "Quthror" {+Fly rN+ MP+9 Str-2} (You
                  | found it on level 11 of the Dungeon)
  4133 | D:11     | Got a transparent hunting sling
  4134 | D:11     | Identified the +6 hunting sling of Innocence {freeze,
                  | Fragile rF++ Str+3} (You found it on level 11 of the
                  | Dungeon)
  4254 | D:10     | Reached skill level 1 in Evocations
  4521 | D:10     | Found a staircase to the Lair.
  4590 | D:12     | Received a gift from Trog
  4590 | D:12     | Reached skill level 10 in Fighting
  4638 | D:13     | Noticed a red ugly thing
  4638 | D:13     | Noticed a death knight
  4652 | D:12     | Killed a red ugly thing
  4652 | D:12     | Reached XP level 12. HP: 77/77 MP: 14/14
  4677 | D:12     | Noticed Fannar
  4760 | D:12     | Noticed Maurice
  4799 | D:12     | Killed Maurice
  5270 | D:13     | Noticed a four-headed hydra
  5284 | D:13     | Killed a four-headed hydra
  5295 | D:13     | Killed a death knight
  5427 | D:13     | Noticed a tengu warrior
  5428 | D:13     | Noticed a tengu warrior
  5448 | D:13     | Killed a tengu warrior
  5491 | D:13     | Killed a tengu warrior
  5584 | D:13     | Found a gate to the Vaults.
  5606 | D:13     | Noticed a two-headed ogre
  5631 | D:13     | Killed a two-headed ogre
  5670 | D:14     | Noticed a seven-headed hydra
  5691 | D:14     | Killed a seven-headed hydra
  5714 | D:14     | Noticed a fire dragon
  5878 | D:13     | Noticed a centaur warrior
  5899 | D:13     | Reached XP level 13. HP: 57/82 MP: 16/16
  5954 | D:13     | Received a gift from Trog
  6387 | Orc:1    | Entered Level 1 of the Orcish Mines
  6436 | Orc:2    | Entered Level 2 of the Orcish Mines
  6573 | Orc:1    | Noticed a stone giant
  6930 | Orc:2    | Received a gift from Trog
  6940 | Orc:2    | Got an iridescent short sword {god gift}
  6941 | Orc:2    | Identified the +7 short sword of Sachycocs {vorpal, *Drain
                  | Int+6} (Trog gifted it to you on level 2 of the Orcish
                  | Mines)
  6966 | Orc:2    | Found Degu's Antique Weapon Boutique.
  6966 | Orc:2    | Found Kiupaeh's Distillery.
  6968 | Orc:2    | Found Ubresmat's Distillery.
  6968 | Orc:2    | Found Biucaf's Book Shoppe.
  6979 | Orc:2    | Bought a potion of stabbing for 52 gold pieces
  6979 | Orc:2    | Bought 2 potions of curing for 78 gold pieces
  6982 | Orc:2    | Bought a potion of degeneration for 16 gold pieces
  6982 | Orc:2    | Bought a potion of berserk rage for 80 gold pieces
  6982 | Orc:2    | Bought a potion of lignification for 48 gold pieces
  6987 | Orc:2    | Bought a potion of haste for 130 gold pieces
  6987 | Orc:2    | Bought a potion of brilliance for 52 gold pieces
  7117 | Orc:1    | Found a bloodstained altar of Trog.
  7146 | Orc:1    | Killed a stone giant
  7205 | Orc:1    | Found a shimmering altar of Xom.
  7288 | Orc:2    | Found a staircase to the Elven Halls.
  7455 | Orc:2    | Bought a potion of invisibility for 104 gold pieces
  7455 | Orc:2    | Bought 2 potions of stabbing for 104 gold pieces
  7455 | Orc:2    | Bought a potion of flight for 39 gold pieces
  7455 | Orc:2    | Bought a potion of mutation for 104 gold pieces
  7455 | Orc:2    | Bought a potion of mutation for 104 gold pieces
  7458 | Orc:2    | Bought a potion of curing for 48 gold pieces
  7458 | Orc:2    | Bought a potion of curing for 48 gold pieces
  7458 | Orc:2    | Bought a potion of curing for 48 gold pieces
  7568 | Lair:1   | Entered Level 1 of the Lair of Beasts
  7570 | Lair:1   | Noticed Prince Ribbit
  7605 | Lair:1   | Killed Prince Ribbit
  7662 | Lair:2   | Noticed Gastronok
  7699 | Lair:2   | Killed Gastronok
  7801 | Lair:1   | Gained mutation: Your large and strong wings let you fly
                  | indefinitely. [Gargoyle growth]
  7801 | Lair:1   | Reached XP level 14. HP: 89/90 MP: 17/17
  8214 | Lair:3   | Found a staircase to the Shoals.
  8247 | Lair:3   | Noticed Sonja
  8259 | Lair:3   | Killed Sonja
  8259 | Lair:3   | Received a gift from Trog
  8292 | Lair:3   | Found a runed translucent door.
  8293 | Lair:3   | Noticed Tenar's ghost (journeyman DEEE)
  8470 | Lair:4   | Found a hole to the Spider Nest.
  8810 | Lair:5   | Found a staircase to the Slime Pits.
  8938 | Lair:6   | Entered Level 6 of the Lair of Beasts
  8966 | Lair:5   | Received a gift from Trog
  9336 | Lair:6   | Received a gift from Trog
  9481 | Lair:6   | Reached XP level 15. HP: 88/98 MP: 18/18
  9832 | Lair:4   | Received a gift from Trog
  9873 | Spider:1 | Entered Level 1 of the Spider Nest
  9905 | Spider:1 | Upgraded the game from 0.25-a0-589-g1e14c549ee to
                  | 0.25-a0-591-g2ad0d861f1
  9932 | Spider:1 | Reached skill level 15 in Armour
 10046 | Spider:2 | Reached skill level 10 in Dodging
 10215 | Spider:2 | Killed a ghost moth
 10416 | Spider:3 | Identified a scroll of acquirement
 10417 | Spider:3 | Identified the +1 pair of boots of Quantum Leap {rElec rN++
                  | Stlth+} (You acquired it on level 3 of the Spider Nest)
 10486 | Spider:3 | Received a gift from Trog
 10651 | Spider:4 | Entered Level 4 of the Spider Nest
 10667 | Spider:4 | Killed a ghost moth
 10838 | Spider:4 | Noticed Arachne
 10885 | Spider:4 | Killed Arachne
 10885 | Spider:4 | Reached XP level 16. HP: 64/107 MP: 19/19
 10977 | Spider:4 | Reached skill level 15 in Fighting
 11147 | Spider:4 | Received a gift from Trog
 11448 | Spider:4 | Got a gossamer rune of Zot
 12032 | D:15     | Entered Level 15 of the Dungeon
 12184 | D:15     | Found a staircase to the Depths.
 12214 | D:15     | Received a gift from Trog
 12224 | Depths:1 | Entered Level 1 of the Depths
 12304 | Depths:1 | Found a gateway to Hell.
 12417 | Depths:1 | Reached XP level 17. HP: 82/115 MP: 20/20
 12657 | Depths:1 | Reached skill level 1 in Maces & Flails
 12732 | Depths:1 | Paralysed by a great orb of eyes for 5 turns
 12988 | Depths:1 | Noticed Bai Suzhen
 13320 | D:15     | Noticed Jorgrun
 13334 | D:15     | Received a gift from Trog
 13349 | D:15     | Killed Jorgrun
 13349 | D:15     | Reached skill level 1 in Shields
 13516 | D:14     | Reached skill level 5 in Maces & Flails
 13805 | D:14     | Reached ****** piety under Trog
 13906 | D:13     | Got a flickering lead ring
 13908 | D:13     | Identified the ring of the Wary Dances {rElec Str+3 Dex-5
                  | Slay+5 Stlth+} (You found it on level 13 of the Dungeon)
 13924 | D:13     | Received a gift from Trog
 14027 | Vaults:1 | Entered Level 1 of the Vaults
 14274 | Vaults:1 | Reached skill level 5 in Shields
 14332 | Vaults:1 | Noticed a tentacled monstrosity
 14362 | Vaults:1 | Killed a tentacled monstrosity
 14424 | Vaults:1 | Reached XP level 18. HP: 84/123 MP: 21/21
 14546 | Vaults:1 | Found the +8 glaive of the Guard {elec, +Rage AC+5 SInv}
 14563 | Vaults:1 | Got an ichor-stained plate armour
 14574 | Vaults:1 | Identified the +4 plate armour of Otowi {rElec Int+5} (You
                  | found it on level 1 of the Vaults)
 14701 | Vaults:1 | Received a gift from Trog
 14805 | Vaults:1 | Reached skill level 10 in Shields
 15021 | Vaults:2 | Found a flickering gateway to a bazaar.
 15029 | Bazaar   | Entered a bazaar
 15029 | Bazaar   | Found Peon Sul's Magic Scroll Shoppe.
 15029 | Bazaar   | Found Etuekerch's General Store.
 15029 | Bazaar   | Found Daralum's Antique Armour Boutique.
 15058 | Bazaar   | Found Qipus's Gadget Emporium.
 15066 | Bazaar   | Found Wigrym's Antique Weapon Emporium.
 15096 | Bazaar   | Bought a scroll of acquirement for 780 gold pieces
 15096 | Bazaar   | Identified the amulet of Anuoma {Gourm Stlth+} (You
                  | acquired it in a bazaar)
 15109 | Bazaar   | Bought a runed chain mail for 217 gold pieces
 15141 | Bazaar   | Bought a scroll of teleportation for 45 gold pieces
 15141 | Bazaar   | Bought a scroll of identify for 30 gold pieces
 15141 | Bazaar   | Bought 3 scrolls of teleportation for 135 gold pieces
 15141 | Bazaar   | Bought a scroll of fear for 52 gold pieces
 15141 | Bazaar   | Bought a scroll of teleportation for 45 gold pieces
 15149 | Bazaar   | Bought a scroll of identify for 24 gold pieces
 15149 | Bazaar   | Bought a scroll of brand weapon for 240 gold pieces
 15171 | Bazaar   | Bought a wand of clouds (4) for 264 gold pieces
 15171 | Bazaar   | Bought a phantom mirror for 330 gold pieces
 15721 | Vaults:3 | Received a gift from Trog
 15887 | Vaults:3 | Reached XP level 19. HP: 127/128 MP: 22/22
 15947 | Vaults:3 | You fall into a shaft and drop 1 floor!
 16203 | Vaults:4 | Received a gift from Trog
 16640 | Vaults:3 | You fall into a shaft and drop 1 floor!
 16958 | Vaults:3 | Received a gift from Trog
 17153 | Vaults:2 | Noticed Mara
 17385 | Shoals:1 | Entered Level 1 of the Shoals
 17411 | Shoals:1 | Reached skill level 15 in Shields
 17482 | Shoals:1 | You are sucked into a shaft and drop 1 floor!
 17630 | Shoals:3 | Identified the +4 scale mail "Rups" {rElec Dex+4}
 17672 | Shoals:4 | Entered Level 4 of the Shoals
 17672 | Shoals:4 | Noticed Nikola
 17685 | Shoals:4 | Killed Nikola
 17688 | Shoals:4 | Identified Roxanne's Volume of Slime
 17688 | Shoals:4 | Noticed Roxanne
 17711 | Shoals:4 | Killed Roxanne
 17748 | Shoals:4 | Received a gift from Trog
 18024 | Shoals:4 | Reached XP level 20. HP: 134/136 MP: 23/23
 18088 | Shoals:4 | Received a gift from Trog
 18104 | Shoals:4 | Identified the +7 long sword of Tension {vorpal, rF+ rC+
                  | rN+ SInv}
 18113 | Shoals:4 | Noticed Polyphemus
 18142 | Shoals:4 | Killed Polyphemus
 18340 | Shoals:4 | Got a barnacled rune of Zot
 18690 | Slime:1  | Entered Level 1 of the Pits of Slime
 18884 | Slime:1  | Received a gift from Trog
 19056 | Slime:2  | Gained mutation: Scrolls take you a little longer to read.
                  | [a shining eye]
 19058 | Slime:2  | Gained mutation: Scrolls take you longer to read. [a
                  | shining eye]
 19081 | Slime:2  | Lost mutation: Scrolls take you longer to read. [potion of
                  | mutation]
 19081 | Slime:2  | Lost mutation: Scrolls take you a little longer to read.
                  | [potion of mutation]
 19081 | Slime:2  | Gained mutation: You evolve. [potion of mutation]
 19081 | Slime:2  | Gained mutation: You are resistant to hostile enchantments.
                  | (MR+) [potion of mutation]
 19081 | Slime:2  | Gained mutation: You are partially covered in icy blue
                  | scales. (AC +2) [potion of mutation]
 19081 | Slime:2  | Gained mutation: You are partially covered in yellow
                  | scales. (AC +2) [potion of mutation]
 19213 | Slime:3  | Reached skill level 5 in Throwing
 19292 | Slime:5  | Entered Level 5 of the Pits of Slime
 19377 | Slime:5  | Gained mutation: You are clumsy. (Dex -2) [a shining eye]
 19402 | Slime:4  | Received a gift from Trog
 19691 | Slime:5  | Noticed the Royal Jelly
 19714 | Slime:5  | Found a viscous altar of Jiyva.
 19721 | Slime:5  | Gained mutation: You occasionally shout uncontrollably at
                  | your foes. [a shining eye]
 19730 | Slime:5  | Found the +0 pair of fencer's gloves {Riposte Dex+3}
 19754 | Slime:5  | Reached XP level 21. HP: 90/142 MP: 24/24
 19758 | Slime:5  | Killed the Royal Jelly
 19867 | Slime:5  | Paralysed by a great orb of eyes for 5 turns
 19916 | Slime:5  | Got a slimy rune of Zot
 20075 | Lair:5   | Lost mutation: You occasionally shout uncontrollably at
                  | your foes. [potion of mutation]
 20075 | Lair:5   | Lost mutation: You evolve. [potion of mutation]
 20075 | Lair:5   | Lost mutation: You are partially covered in icy blue
                  | scales. (AC +2) [potion of mutation]
 20075 | Lair:5   | Gained mutation: You are surrounded by a mild repulsion
                  | field. (EV +2) [potion of mutation]
 20075 | Lair:5   | Gained mutation: You are robust. (+10% HP) [potion of
                  | mutation]
 20270 | Orc:2    | Bought a potion of curing for 48 gold pieces
 20270 | Orc:2    | Bought a potion of curing for 48 gold pieces
 20270 | Orc:2    | Bought a potion of mutation for 128 gold pieces
 20299 | Elf:1    | Entered Level 1 of the Elven Halls
 20408 | Elf:1    | Received a gift from Trog
 20736 | Elf:2    | Received a gift from Trog
 20796 | Elf:3    | Entered Level 3 of the Elven Halls
 20966 | Elf:3    | Noticed Aizul
 20987 | Elf:3    | Killed Aizul
 21417 | Elf:3    | Identified the +3 whip "Dofeun" {holy, *Contam rN+ MP+9
                  | Int+4}
 21801 | Elf:3    | Identified the ring of Lagic {rN+ EV+2 Slay-5 SInv}
 21830 | Elf:3    | Received a gift from Trog
 21830 | Elf:3    | Reached skill level 10 in Maces & Flails
 21880 | Elf:3    | Reached XP level 22. HP: 145/163 MP: 25/25
 21988 | Elf:3    | Identified the amulet "Unloe" {RegenMP *Drain rF+ rC+ MR+}
 22040 | Elf:3    | Found the +2 ratskin cloak {+Rats rPois rN+ Str-1 Int-1
                  | Dex+1}
 22046 | Elf:3    | Identified the Tome of Supportive Transmigration
 22048 | Elf:3    | Identified the cursed +0 helmet of the Last Songs {Dex+4}
                  | (You found it on level 3 of the Elven Halls)
 22775 | Vaults:5 | Entered Level 5 of the Vaults
 22792 | Vaults:5 | Noticed a golden dragon
 22837 | Vaults:5 | Noticed a golden dragon
 22855 | Vaults:5 | Killed a golden dragon
 22867 | Vaults:5 | Killed a golden dragon
 22875 | Vaults:5 | Received a gift from Trog
 23021 | Vaults:5 | Reached skill level 10 in Throwing
 23243 | Vaults:5 | Noticed an ancient lich
 23283 | Vaults:5 | Killed an ancient lich
 23283 | Vaults:5 | Received a gift from Trog
 23309 | Vaults:5 | Reached XP level 23. HP: 143/170 MP: 26/26
 23417 | Vaults:5 | Identified Basurudu's Grimoire of Hexes
 23422 | Vaults:5 | Noticed an ancient lich
 23453 | Vaults:5 | Killed an ancient lich
 23534 | Vaults:5 | Received a gift from Trog
 23794 | Vaults:5 | Got a silver rune of Zot
 23873 | Vaults:5 | Identified the +2 scale mail of the Eight Boll Weevils
                  | {Dex+3}
 24314 | Vaults:2 | Received a gift from Trog
 24328 | Vaults:2 | Noticed ipx's illusion
 24347 | Vaults:2 | Killed Mara
 24533 | Depths:2 | Reached skill level 5 in Evocations
 24569 | Depths:2 | Noticed a juggernaut
 24590 | Depths:2 | Killed a juggernaut
 24625 | Depths:2 | Noticed a golden dragon
 24641 | Depths:2 | Noticed a juggernaut
 24641 | Depths:2 | Killed a golden dragon
 24645 | Depths:2 | Noticed a golden dragon
 24661 | Depths:2 | Killed a juggernaut
 24661 | Depths:2 | Reached XP level 24. HP: 169/176 MP: 26/26
 24757 | Depths:2 | Identified the Tome of the Escort and Weightlessness
 24810 | Depths:2 | Noticed a juggernaut
 24811 | Depths:2 | Noticed a caustic shrike
 24830 | Depths:2 | Killed a juggernaut
 24931 | Depths:2 | Received a gift from Trog
 24959 | Depths:3 | Paralysed by a floating eye for 4 turns
 24977 | Depths:4 | Found a one-way gate to the infinite horrors of the Abyss.
 25015 | Depths:4 | Voluntarily entered the Abyss.
 25524 | Abyss:2  | Found a corrupted altar of Lugonu.
 25961 | Abyss:4  | Received a gift from Trog
 26062 | Abyss:4  | Gained mutation: Armour fits poorly on your strangely
                  | shaped body. [a neqoxec]
 26250 | Abyss:4  | Got an abyssal rune of Zot
 26393 | Abyss:5  | Entered Level 5 of the Abyss
 26393 | Abyss:5  | Found a corrupted altar of Lugonu.
 26434 | Depths:4 | Escaped the Abyss
 26441 | Depths:4 | Lost mutation: Armour fits poorly on your strangely shaped
                  | body. [potion of mutation]
 26441 | Depths:4 | Lost mutation: You are clumsy. (Dex -2) [potion of
                  | mutation]
 26441 | Depths:4 | Lost mutation: You are robust. (+10% HP) [potion of
                  | mutation]
 26441 | Depths:4 | Lost mutation: You are resistant to hostile enchantments.
                  | (MR+) [potion of mutation]
 26441 | Depths:4 | Gained mutation: You are partially covered in thin metallic
                  | scales. (AC +2) [potion of mutation]
 26441 | Depths:4 | Gained mutation: You have a pair of small horns on your
                  | head. [potion of mutation]
 26441 | Depths:4 | Gained mutation: You are clumsy. (Dex -2) [potion of
                  | mutation]
 26441 | Depths:4 | Lost mutation: You are clumsy. (Dex -2) [potion of
                  | mutation]
 26509 | Depths:5 | Entered Level 5 of the Depths
 26555 | Depths:4 | Received a gift from Trog
 26631 | Depths:4 | Reached skill level 15 in Dodging
 26631 | Depths:4 | Reached XP level 25. HP: 112/168 MP: 26/26
 26947 | Depths:5 | Received a gift from Trog
 26982 | Depths:4 | Found a one-way gate leading to the halls of Pandemonium.
 26991 | Depths:4 | Found a gateway to a ziggurat.
 27138 | Depths:5 | Identified the +7 great mace of the Lamprey {venom, *Contam
                  | +Blink rF- rN++}
 27402 | Depths:5 | Received a gift from Trog
 27410 | Depths:5 | Found a gate to the Realm of Zot.
 27472 | Zot:1    | Entered Level 1 of the Realm of Zot
 27927 | Zot:3    | Noticed a Killer Klown
 27945 | Zot:2    | Killed a Killer Klown
 27945 | Zot:2    | Reached XP level 26. HP: 172/176 MP: 26/26
 28311 | Zot:2    | Noticed an orb of fire
 28330 | Zot:2    | Noticed an orb of fire
 28356 | Zot:2    | Gained mutation: Your body sometimes deteriorates upon
                  | taking damage. [an orb of fire]
 28361 | Zot:2    | Gained mutation: You have a pair of horns on your head. [an
                  | orb of fire]
 28363 | Zot:2    | Gained mutation: Your magical capacity is low. (-10% MP)
                  | [an orb of fire]
 28374 | Zot:2    | Gained mutation: You are occasionally teleported next to
                  | monsters. [an orb of fire]
 28376 | Zot:2    | Killed an orb of fire
 28376 | Zot:2    | Received a gift from Trog
 28486 | Zot:2    | Lost mutation: You are partially covered in thin metallic
                  | scales. (AC +2) [potion of mutation]
 28486 | Zot:2    | Lost mutation: You have a pair of horns on your head.
                  | [potion of mutation]
 28486 | Zot:2    | Lost mutation: You have a pair of small horns on your head.
                  | [potion of mutation]
 28486 | Zot:2    | Gained mutation: You are robust. (+10% HP) [potion of
                  | mutation]
 28486 | Zot:2    | Gained mutation: You expend magic power (3 MP) to
                  | strengthen your wands. [potion of mutation]
 28487 | Zot:2    | Lost mutation: You are occasionally teleported next to
                  | monsters. [potion of mutation]
 28487 | Zot:2    | Lost mutation: Your magical capacity is low. (-10% MP)
                  | [potion of mutation]
 28487 | Zot:2    | Lost mutation: Your body sometimes deteriorates upon taking
                  | damage. [potion of mutation]
 28487 | Zot:2    | Lost mutation: You are robust. (+10% HP) [potion of
                  | mutation]
 28487 | Zot:2    | Gained mutation: Your body sometimes deteriorates upon
                  | taking damage. [potion of mutation]
 28487 | Zot:2    | Gained mutation: Your muscles are strong. (Str +2) [potion
                  | of mutation]
 28657 | Zot:3    | Found a runed translucent gate.
 28658 | Zot:3    | Found a runed translucent gate.
 28658 | Zot:3    | Found a runed translucent gate.
 29023 | Zot:5    | Entered Level 5 of the Realm of Zot
 29047 | Zot:5    | Noticed a Killer Klown
 29081 | Zot:5    | Killed a Killer Klown
 29190 | Zot:5    | Reached skill level 15 in Throwing
 29688 | Zot:5    | Noticed an orb of fire
 29700 | Zot:4    | Received a gift from Trog
 29742 | Zot:5    | Gained mutation: Your magical capacity is low. (-10% MP)
                  | [an orb of fire]
 29755 | Zot:5    | Gained mutation: You are frail. (-10% HP) [an orb of fire]
 29767 | Zot:5    | Gained mutation: You are very frail. (-20% HP) [an orb of
                  | fire]
 29777 | Zot:5    | Gained mutation: You are extremely frail. (-30% HP) [an orb
                  | of fire]
 29785 | Zot:5    | Killed an orb of fire
 29788 | Zot:5    | Lost mutation: Your muscles are strong. (Str +2) [potion of
                  | mutation]
 29788 | Zot:5    | Lost mutation: Your body sometimes deteriorates upon taking
                  | damage. [potion of mutation]
 29788 | Zot:5    | Lost mutation: Your magical capacity is low. (-10% MP)
                  | [potion of mutation]
 29788 | Zot:5    | Lost mutation: You are extremely frail. (-30% HP) [potion
                  | of mutation]
 29788 | Zot:5    | Gained mutation: Scrolls take you a little longer to read.
                  | [potion of mutation]
 29788 | Zot:5    | Gained mutation: You have a pair of small horns on your
                  | head. [potion of mutation]
 29790 | Zot:5    | Noticed an ancient lich
 29800 | Zot:5    | Killed an ancient lich
 29800 | Zot:5    | Reached XP level 27. HP: 127/146 MP: 26/26
 29900 | Zot:5    | Noticed an orb of fire
 29900 | Zot:5    | Noticed an orb of fire
 29901 | Zot:5    | Gained mutation: Your magical capacity is low. (-10% MP)
                  | [an orb of fire]
 29903 | Zot:5    | Gained mutation: Your body sometimes deteriorates upon
                  | taking damage. [an orb of fire]
 29915 | Zot:5    | Gained mutation: Your body often deteriorates upon taking
                  | damage. [an orb of fire]
 29923 | Zot:5    | Killed an orb of fire
 29939 | Zot:5    | Killed an orb of fire
 30127 | Zot:5    | Noticed an orb of fire
 30131 | Zot:5    | Noticed an orb of fire
 30133 | Zot:5    | Noticed an ancient lich
 30138 | Zot:5    | Killed an orb of fire
 30143 | Zot:5    | Gained mutation: You are partially covered in molten
                  | scales. (AC +2) [an orb of fire]
 30150 | Zot:5    | Killed an ancient lich
 30159 | Zot:5    | Killed an orb of fire
 30440 | Zot:5    | Noticed an orb of fire
 30571 | Zot:5    | Received a gift from Trog
 30812 | Zot:5    | Gained mutation: You are extremely frail. (-30% HP) [an orb
                  | of fire]
 30851 | Zot:5    | Killed an orb of fire
 30913 | Zot:5    | Lost mutation: Your magical capacity is low. (-10% MP)
                  | [potion of mutation]
 30913 | Zot:5    | Lost mutation: Scrolls take you a little longer to read.
                  | [potion of mutation]
 30913 | Zot:5    | Lost mutation: You are extremely frail. (-30% HP) [potion
                  | of mutation]
 30913 | Zot:5    | Lost mutation: You expend magic power (3 MP) to strengthen
                  | your wands. [potion of mutation]
 30913 | Zot:5    | Gained mutation: You are occasionally teleported next to
                  | monsters. [potion of mutation]
 30913 | Zot:5    | Gained mutation: You have large cloven feet. [potion of
                  | mutation]
 30920 | Zot:5    | Got the Orb of Zot
 31222 | D:15     | Gained mutation: You are dopey. (Int -2) [a cacodemon]
 31389 | D:8      | Noticed Bepterph the pandemonium lord
 31428 | D:8      | Killed Bepterph the pandemonium lord
 31530 | D:3      | Found a snail-covered altar of Cheibriados.
 31535 | D:3      | Noticed Natasha
 31591 | D:$      | Escaped with the Orb!

Levels and vault maps discovered:
D:1:      psy_arrival_whirlpool, layout_basic, dk_noncrumbling_3,
          hangedman_glass_teeth, st_stairs_1
D:2:      layout_rooms, nicolae_dithmenos_through_a_glass_darkly,
          lemuel_doored_altar, lightli_temple_of_fire,
          nicolae_ru_sacrificial_ziggurat, chequers_ecumenical_altar_simple,
          chequers_serial_rivers_room_a
D:3:      layout_loops_ring, kennysheep_slug_shrine, grunt_ministairs_14,
          hangedman_decor_points, kennysheep_nub, uniq_natasha, uniq_terence,
          uniq_crazy_yiuf_cottage
D:4:      layout_loops_ring, lemuel_round_altar, makhleb_grotto_becter,
          vehumet_altar_wand_db, first_ration, serial_shops,
          nicolae_shop_behind_doors, nicolae_shop_trees, shop, shop_statue,
          minmay_small_thing
D:5:      layout_loops_ring, lemuel_crystal_altar, temple_pool_b,
          gammafunk_ghost_necromancy, kennysheep_crisscross, kennysheep_diamond,
          minmay_statues_item
D:6:      layout_basic, uniq_grinder
D:7:      cheibrodos_fzero, layout_cave_pools, led_sif_book, serial_shops, shop,
          grunt_livestock, uniq_harold, uniq_joseph
D:8:      layout_layer_cave, basic_altar
D:9:      layout_cross, nicolae_overflow_crystal_walls,
          gammafunk_temple_overflow_pools, zombieorc2_lemuel,
          corexii_hall_statues_x, minmay_st_funbox, hangedman_decor_growths,
          roderic_lattice_a, st_stairs_14, hangedman_abyss_or_decor_stagger,
          minivault_29
D:10:     layout_rooms, minmay_lair_entry_grove
D:11:     layout_basic, uniq_josephine
D:12:     layout_stronghold, uniq_fannar, uniq_maurice
D:13:     layout_cave_pools, erik_vaults_1
D:14:     minmay_the_grid_octo_tiled_octocenter [minmay_the_grid_octo_pinwheel,
          minmay_the_grid_octo_toaster, minmay_the_grid_octo_clover_2,
          minmay_the_grid_octo_teeth,
          minmay_the_grid_octo_prize_square_snowflake,
          minmay_the_grid_square_5x5_misaligned,
          minmay_the_grid_square_5x5_beaten_path,
          minmay_the_grid_square_5x5_inset, minmay_the_grid_square_5x5_bridge],
          layout_cave_pools, infiniplex_staircase_star
D:15:     gammafunk_enter_depths_forms, layout_basic, grunt_ministairs_2,
          uniq_jorgrun, uniq_nessos
Lair:1:   layout_hall_layers, grunt_megastairs_3, uniq_prince_ribbit2
Lair:2:   layout_cave_pods, st_stairs_6, lemuel_fruit_tree,
          infiniplex_staircase_pool_2, uniq_gastronok
Lair:3:   layout_regular_city, elwin_shoals_entry_rocks,
          ebering_ghost_inner_flame, grunt_megastairs_4, uniq_sonja
Lair:4:   layout_loops_ring, spider_nest_entry_funnel_web
Lair:5:   layout_gridlike, slime_dummy, kennysheep_rathole
Lair:6:   minmay_lair_end_enchanted_forest, layout_gridlike, grunt_megastairs_5,
          serial_bayou_shore_b
Shoals:1: layout_shoals, nicolae_shoals_water_elemental_grotto, uniq_louise,
          uniq_kirke
Shoals:2: layout_shoals
Shoals:3: layout_shoals
Shoals:4: shoals_end_simple, layout_shoals, uniq_polyphemus, uniq_nikola,
          uniq_roxanne
Spider:1: layout_chambers, ebering_ghost_xom, uniq_donald
Spider:2: layout_chambers, nicolae_spider_stair_cavern
Spider:3: layout_spider_delve
Spider:4: grunt_spider_rune_parallel, uniq_arachne
Slime:1:  layout_caves
Slime:2:  layout_caves
Slime:3:  layout_caves
Slime:4:  layout_caves
Slime:5
Orc:1:    layout_caves, basic_altar, bloody_trog
Orc:2:    grunt_orc_tribal_feast, layout_caves
Elf:1:    eino_elf_arrival_customs, layout_geoelf_diagonals, special_room
          [special_room_orc], serial_shops, shop, minmay_elf_sorcery
Elf:2:    layout_geoelf_octagon, serial_shops, nicolae_shop_behind_doors
Elf:3:    elf_hall_gauntlet_wide, layout_geoelf_octagon, st_stairs_4, uniq_aizul
Vaults:1: minmay_guarded_unrand_guard_vaults, vaults_mumra_hex,
          nicolae_vaults_disjoint_gnomons, hangedman_vaults_restitches,
          ontoclasm_vaults_pinch, v_rooms_5, vaults_room_door_ring,
          vaults_dpeg_spiral, v_misc_28, nicolae_vaults_specimen_jars,
          ontoclasm_vaults_decontamination, vaults_room_hallway,
          layout_vaults_maze_snakey
Vaults:2: hangedman_vaults_maws, nicolae_vaults_shelves_hall,
          ontoclasm_vaults_gateway, dpeg_vaults_monster_row,
          vaults_room_door_hall, vaults_room_door_hall, layout_vaults_omnigrid,
          blue_anna_dwarven_crypt, serial_shops, freezing_bzr, uniq_mara
Vaults:3: biasface_vaults_ghost_orc_armoury, hangedman_vaults_impose,
          hangedman_vaults_unwind, nicolae_vaults_rhombus_7, v_misc_27,
          vaults_room_hallway, nicolae_vaults_three_branches,
          nicolae_vaults_windows_and_doors_thing, dpeg_vaults_monster_box,
          vaults_dpeg_cross, nicolae_vaults_big_ls, vaults_dpeg_diagonal,
          layout_vaults_omnibox
Vaults:4: v_misc_17, v_pattern_5, nicolae_vaults_network_quincunx
          [nicolae_vaults_network_quincunx_subvault,
          nicolae_vaults_network_quincunx_subvault,
          nicolae_vaults_network_quincunx_subvault,
          nicolae_vaults_network_quincunx_subvault,
          nicolae_vaults_network_quincunx_subvault], hangedman_vaults_hat,
          nicolae_vaults_mini_display_case, vaults_room_hallway,
          nicolae_vaults_holding_cells, ontoclasm_vaults_fault,
          nicolae_vaults_little_squares_6, v_rooms_2,
          nicolae_vaults_back_hallway, nicolae_vaults_shelves_hall,
          layout_vaults_omnicross
Vaults:5: serial_shops
Depths:1: layout_cave_pools, kennysheep_cross_room, hangedman_coc_ice_floe,
          nrook_kobold_shadow_demons, minmay_shoptagon, uniq_bai_suzhen
Depths:2: hangedman_box_tower, layout_long_grid, hell_entry
Depths:3: lemuel_vampire_tower, layout_cave_pools, pan_entry,
          minmay_room_of_horrors, hell_entry, minmay_misc_feat_ornament,
          drop_trap, minmay_staircase_statues
Depths:4: minmay_octagon_keep, layout_basic, enter_ziggurat_d, hell_entry,
          abyss_entry, rand_demon_pan_entry_3, corner_web_ring,
          infiniplex_staircase_zigzag_5, serial_bayou_shore_b
Depths:5: grunt_zot_entry_alcove, layout_cave_pools, grunt_decor_one_mirror,
          lightli_too_deep
Zot:1:    layout_misc_corridors
Zot:2:    layout_basic, st_stairs_13
Zot:3:    infiniplex_zot_generator, layout_misc_corridors,
          ebering_ghost_rock_garden, nrook_zot_tub
Zot:4:    layout_misc_corridors
Zot:5:    layout_misc_corridors

Skill      XL: |  1  2  3  4  5  6  7  8  9 10 11 12 13 14 15 16 17 18 19 20 21 22 23 24 25 26 27 |
---------------+----------------------------------------------------------------------------------+-----
Throwing       | 2 4 5 8 10 12 13 14 15 17 | 17.1
Armour         | 1 3 4 5 7 8 10 12 13 14 15 16 17 18 19 20 21 22 | 22.2
Staves         | 4 5 6 7 8 10 12 13 14 | 14.0
Fighting       | 3 5 6 7 10 11 13 14 16 17 18 19 20 21 22 | 22.2
Dodging        | 4 6 7 9 10 11 12 13 14 15 16 17 | 17.0
Evocations     | 3 4 5 |  5.0
Maces & Flails | 7 8 10 13 | 13.8
Shields        | 6 13 15 16 17 18 19 20 21 | 21.8

Action                   |  1- 3 |  4- 6 |  7- 9 | 10-12 | 13-15 | 16-18 | 19-21 | 22-24 | 25-27 || total
-------------------------+-------+-------+-------+-------+-------+-------+-------+-------+-------++-------
Melee: Quarterstaff      |   129 |   150 |   310 |   870 |    64 |     8 |       |       |       ||  1531
       Morningstar       |       |     2 |    29 |   140 |       |       |       |       |       ||   171
       Lajatang          |       |       |       |       |  1604 |   754 |       |       |       ||  2358
       Demon whip        |       |       |       |       |       |  1023 |  1952 |  1543 |  1560 ||  6078
       Headbutt          |       |       |       |       |       |       |       |    33 |   360 ||   393
Throw: Dart              |       |    15 |     9 |    38 |    62 |    33 |     5 |     7 |     3 ||   172
       Throwing net      |       |     3 |       |       |       |       |       |     3 |       ||     6
       Boomerang         |       |       |       |     1 |       |     7 |       |       |    27 ||    35
       Javelin           |       |       |       |       |       |       |    36 |    51 |    75 ||   162
Invok: Berserk           |       |       |     1 |     5 |     8 |       |     3 |       |       ||    17
       Trog's Hand       |       |       |       |     1 |     3 |     5 |     7 |    15 |    14 ||    45
       Brothers in Arms  |       |       |       |       |       |       |     5 |       |     2 ||     7
 Abil: Fly               |       |       |       |       |       |       |     1 |     1 |       ||     2
       Stop Flying       |       |       |       |       |       |       |       |     1 |       ||     1
Evoke: Wand              |       |     1 |    14 |    12 |    42 |    26 |    25 |    13 |     7 ||   140
       Sack of spiders   |       |       |       |       |       |     1 |     1 |     7 |     7 ||    16
       Phantom mirror    |       |       |       |       |       |       |     1 |       |     1 ||     2
       Lamp of fire      |       |       |       |       |       |       |       |     5 |       ||     5
  Use: Scroll            |       |     4 |     5 |     6 |    18 |    11 |    12 |    21 |    11 ||    88
       Potion            |       |       |       |     2 |     1 |     2 |    12 |    11 |    22 ||    50
 Stab: Paralysed         |       |       |     6 |       |       |       |       |     5 |     8 ||    19
       Distracted        |       |       |       |       |     1 |       |     1 |     1 |     1 ||     4
       Invisible         |       |       |       |       |       |       |     6 |       |     1 ||     7
       Confused          |       |       |       |       |       |       |     1 |       |       ||     1
       Sleeping          |       |       |       |       |       |       |       |     2 |    19 ||    21
  Eat: Chunk             |       |     3 |     3 |    15 |    20 |     8 |     6 |       |     2 ||    57
       Ration            |       |       |     1 |     3 |     2 |     4 |     8 |     7 |     8 ||    33
Armor: Leather armour    |    14 |       |       |       |       |       |       |       |       ||    14
       Ring mail         |    25 |       |       |       |       |       |       |       |       ||    25
       Plate armour      |    23 |   104 |   267 |   701 |  1339 |  1088 |   499 |   504 |   388 ||  4913
       Skin              |     3 |       |       |       |       |       |       |       |       ||     3
Dodge: Dodged            |    86 |    45 |   121 |   344 |   847 |   683 |   475 |   538 |   428 ||  3567
Block: Kite shield       |       |       |       |       |       |   184 |       |       |       ||   184
       Tower shield      |       |       |       |       |       |    35 |  1170 |  1252 |   950 ||  3407
       Rpst.: Demon whip |       |       |       |       |       |       |    28 |    78 |    58 ||   164

Table legend:
 A = Non-vault XP
 B = Vault XP
 C = Vault XP percentage of total XP
 D = Non-vault monster count
 E = Vault monster count
 F = Vault count percentage of total count
                 A         B        C        D         E       F
            +---------+---------+-------+---------+---------+-------
      Total |  740146 |  684125 |  48.0 |    1289 |     695 |  35.0
            +---------+---------+-------+---------+---------+-------
        D:1 |      19 |       3 |  13.6 |      13 |       2 |  13.3
        D:2 |      31 |       0 |   0.0 |      20 |       0 |   0.0
        D:3 |     226 |      89 |  28.3 |      15 |       5 |  25.0
        D:4 |     366 |       2 |   0.5 |      22 |       1 |   4.3
        D:5 |     517 |     754 |  59.3 |      25 |       6 |  19.4
        D:6 |     358 |     176 |  33.0 |       8 |       2 |  20.0
        D:7 |     827 |     843 |  50.5 |      12 |       6 |  33.3
        D:8 |    1776 |     748 |  29.6 |      22 |       6 |  21.4
        D:9 |    2515 |    4381 |  63.5 |      21 |      69 |  76.7
       D:10 |    1948 |    1853 |  48.8 |      15 |      12 |  44.4
       D:11 |     675 |    2105 |  75.7 |       7 |       6 |  46.2
       D:12 |    2784 |     405 |  12.7 |      16 |       1 |   5.9
       D:13 |   13029 |    1808 |  12.2 |      43 |       2 |   4.4
       D:14 |    9368 |   10675 |  53.3 |      36 |      31 |  46.3
       D:15 |    9928 |    8145 |  45.1 |      31 |      12 |  27.9
     Lair:1 |    2912 |    1512 |  34.2 |      14 |       6 |  30.0
     Lair:2 |    2436 |    2392 |  49.5 |      10 |       3 |  23.1
     Lair:3 |    5065 |    3386 |  40.1 |      16 |       7 |  30.4
     Lair:4 |    4859 |     458 |   8.6 |      18 |       2 |  10.0
     Lair:5 |    8807 |    1966 |  18.2 |      36 |      16 |  30.8
     Lair:6 |    9274 |    7833 |  45.8 |      29 |      43 |  59.7
   Shoals:1 |    2183 |       0 |   0.0 |       5 |       0 |   0.0
   Shoals:2 |    7860 |       0 |   0.0 |      16 |       0 |   0.0
   Shoals:3 |    1915 |       0 |   0.0 |       6 |       0 |   0.0
   Shoals:4 |   16678 |   29947 |  64.2 |      34 |      40 |  54.1
   Spider:1 |    4409 |       0 |   0.0 |      14 |       0 |   0.0
   Spider:2 |    9038 |       0 |   0.0 |      20 |       0 |   0.0
   Spider:3 |   15145 |       0 |   0.0 |      34 |       0 |   0.0
   Spider:4 |    7600 |   31325 |  80.5 |      16 |      52 |  76.5
    Slime:1 |   17027 |       0 |   0.0 |      23 |       0 |   0.0
    Slime:2 |   11178 |       0 |   0.0 |      17 |       0 |   0.0
    Slime:3 |    2544 |       0 |   0.0 |       1 |       0 |   0.0
    Slime:4 |   20205 |    2578 |  11.3 |      30 |       1 |   3.2
    Slime:5 |   11519 |   25021 |  68.5 |      18 |      11 |  37.9
      Orc:1 |    2917 |    1428 |  32.9 |      25 |       6 |  19.4
      Orc:2 |     923 |    6026 |  86.7 |      12 |      22 |  64.7
      Elf:1 |   18181 |    9890 |  35.2 |      27 |      16 |  37.2
      Elf:2 |    2865 |       0 |   0.0 |       7 |       0 |   0.0
      Elf:3 |   20753 |   43460 |  67.7 |      37 |      29 |  43.9
   Vaults:1 |   28483 |   30648 |  51.8 |      41 |      35 |  46.1
   Vaults:2 |    9377 |   22486 |  70.6 |      12 |      15 |  55.6
   Vaults:3 |    6273 |   15448 |  71.1 |      16 |      24 |  60.0
   Vaults:4 |   25668 |   15720 |  38.0 |      40 |      15 |  27.3
   Vaults:5 |   47426 |  133323 |  73.8 |      75 |      87 |  53.7
   Depths:1 |   15736 |       0 |   0.0 |      18 |       0 |   0.0
   Depths:2 |   15523 |   64470 |  80.6 |      23 |      29 |  55.8
   Depths:3 |    1291 |       0 |   0.0 |       3 |       0 |   0.0
   Depths:4 |   33347 |   11044 |  24.9 |      28 |      11 |  28.2
   Depths:5 |   62281 |   14541 |  18.9 |      50 |      11 |  18.0
      Zot:1 |   26673 |       0 |   0.0 |      16 |       0 |   0.0
      Zot:2 |   28370 |    7720 |  21.4 |      13 |       3 |  18.8
      Zot:3 |   45805 |       0 |   0.0 |      33 |       0 |   0.0
      Zot:4 |   20953 |    9255 |  30.6 |       9 |       5 |  35.7
      Zot:5 |   71602 |  151502 |  67.9 |      42 |      38 |  47.5
    Abyss:1 |   17391 |       0 |   0.0 |      33 |       0 |   0.0
    Abyss:2 |     538 |       0 |   0.0 |       1 |       0 |   0.0
    Abyss:3 |    2408 |       0 |   0.0 |       5 |       0 |   0.0
    Abyss:4 |   30175 |    8759 |  22.5 |      59 |       7 |  10.6
    Abyss:5 |     166 |       0 |   0.0 |       1 |       0 |   0.0
            +---------+---------+-------+---------+---------+-------
